 Dungeon Crawl Stone Soup version 0.28.0-45-g0d030f2227 (webtiles) character file.

Game seed: 13875419573585115129

679 pkoi the Gusty (level 7, -2/55 HPs)
             Began as a Demigod Air Elementalist on Apr 15, 2022.
             Slain by a sky beast (5 damage)
             ... on level 5 of the Dungeon.
             The game lasted 00:07:40 (8314 turns).

pkoi the Gusty (Demigod Air Elementalist)           Turns: 8314, Time: 00:07:40

Health: -2/55      AC:  3    Str:  9    XL:     7   Next: 11%
Magic:  14/15      EV: 13    Int: 25    God:
Gold:   199        SH:  0    Dex: 19    Spells: 2/12 levels left

rFire   . . .      SeeInvis .   j - +2 whip "Nufooss" {holy, Dex+5}
rCold   . . .      Faith    .   (no shield)
rNeg    + . .      Spirit   .   a - +1 robe
rPois   .          Reflect  .   (no helmet)
rElec   .          Harm     .   (no cloak)
rCorr   .          Rampage  .   (no gloves)
Will    .....                   (no boots)
Stlth   +.........              (no amulet)
HPRegen 0.18/turn               n - ring of positive energy
MPRegen 0.14/turn               (no ring)

@: confused, ambrosia-drunk
A: high MP 1, forlorn, divine attributes
a: no special abilities


You were on level 5 of the Dungeon.
You visited 1 branch of the dungeon, and saw 6 of its levels.

You collected 199 gold pieces.

Inventory:

Hand Weapons
 f - a +0 dagger
 j - the +2 whip "Nufooss" (weapon) {holy, Dex+5}
   (You found it on level 2 of the Dungeon)

   It has been blessed by the Shining One to cause great damage to the undead
   and demons.
   Dex:       It affects your dexterity (+5).
 m - a +1 flail of venom
Missiles
 e - 4 javelins
Armour
 a - a +1 robe (worn)
Jewellery
 n - a ring of positive energy (left hand)
Scrolls
 c - a scroll of identify
 d - a scroll of holy word
 h - a scroll of brand weapon {unknown}
 l - a scroll of magic mapping
 p - a scroll of acquirement {unknown}
 q - 2 scrolls of amnesia
Potions
 b - 2 potions of might {unknown}
 i - a potion of heal wounds {unknown}
 k - a potion of curing
 o - 2 potions of resistance {unknown}


   Skills:
 + Level 2.0 Fighting
 + Level 2.9 Dodging
 - Level 1.7 Stealth
 * Level 3.4 Spellcasting
 - Level 0.8 Conjurations
 * Level 6.2 Air Magic


You had 2 spell levels left.
You knew the following spells:

 Your Spells              Type           Power      Damage    Failure   Level
a - Shock                 Conj/Air       88%        1d8       2%          1
b - Static Discharge      Conj/Air       22%        N/A       3%          2
c - Swiftness             Air            35%        N/A       2%          3
d - Airstrike             Air            17%        N/A       8%          4

Your spell library contained the following spells:

 Spells                   Type           Power      Damage    Failure   Level
 Beastly Appendage        Tmut           8%         N/A       10%         1
 Wereblood                Tmut           4%         N/A       14%         2
 Mephitic Cloud           Conj/Pois/Air  16%        N/A       11%         3
 Ignite Poison            Fire/Tmut/Pois 4%         N/A       28%         3
 Spider Form              Tmut/Pois      4%         N/A       28%         3
 Freezing Cloud           Conj/Ice/Air   8%         6-21      71%         5


Dungeon Overview and Level Annotations

Branches:
Dungeon (6/15)             Temple (0/1) D:4


Innate Abilities, Weirdness & Mutations

You have an increased reservoir of magic. (+10% MP)
You shall have no god before yourself.
Your divine heritage dramatically boosts your attributes as you level up.


Message History

Confirm with . or Enter, or press ? or * to list all spells.
The killer bee is struck by an arc of lightning!
The killer bee is heavily wounded.
The lightning grounds out.
The killer bee barely misses you. Something hits you but does no damage.
The killer bee stings you but does no damage.
Casting: Static Discharge (safe; 3% risk of failure)
Confirm with . or Enter, or press ? or * to list all spells.
The killer bee is struck by an arc of lightning.
The killer bee is almost dead.
The lightning grounds out.
The killer bee misses you. Something barely misses you.
The killer bee barely misses you. The killer bee stings you.
* * * LOW HITPOINT WARNING * * *
You are lethally poisoned!
The killer bee poisons you! The killer bee closely misses you.
Unknown command.
Casting: Static Discharge (safe; 3% risk of failure)
Confirm with . or Enter, or press ? or * to list all spells.
The killer bee is struck by an arc of lightning!
You kill the killer bee!
You are struck by an arc of lightning.
* * * LOW HITPOINT WARNING * * *
The lightning grounds out.
* * * LOW HITPOINT WARNING * * *
You feel very sick. Something hits you but does no damage.
You feel better. Something completely misses you.
As you read the scroll labelled BERCHU ZOTZU, it crumbles to dust.
It is a scroll of identify.
g - a potion of ambrosia Something hits you.
* * * LOW HITPOINT WARNING * * *
Something shocks you.
* * * LOW HITPOINT WARNING * * *
You are confused.
You feel invigorated. Something hits you.
* * * LOW HITPOINT WARNING * * *
Something shocks you.
You die...

#.≈.#...#.≈....##...#...
##.≈(#._.#.≈.........#...
#..≈.#...#.≈.........#...
#..≈.#.###...........#...
#..≈.......≈....######...
#..≈≈≈≈≈≈≈≈≈....#.......<
#...............#........
#....>..........#........
#.......@...##'##........
#....................###+
#....................#...
#....................'...
############.........#...
#.........#...
#.........####
#.............
#.............


There were no monsters in sight!

Vanquished Creatures
  A black bear (D:5)
  A phantom (D:4)
  2 scorpions
  2 killer bees (D:5)
  A centaur zombie (D:3)
  A hound (D:5)
  2 iguanas
  An orc wizard (D:5)
  5 adders
  A white imp (D:5)
  2 ufetubi
  3 worms
  2 dart slugs
  9 orcs
  10 ball pythons
  8 endoplasms
  2 giant cockroaches
  5 goblins
  7 hobgoblins
  7 jackals
  6 kobolds
  2 quokkas
  2 bats (D:2)
  3 frilled lizards
  6 rats
91 creatures vanquished.

Notes
Turn   | Place    | Note
-------+----------+-------------------------------------------
     0 | D:1      | pkoi the Demigod Air Elementalist began the quest for the
                  | Orb.
     0 | D:1      | Reached XP level 1. HP: 14/14 MP: 5/5
   237 | D:1      | Reached skill level 3 in Air Magic
   405 | D:1      | Reached XP level 2. HP: 20/20 MP: 5/7
  1306 | D:2      | Reached XP level 3. HP: 26/26 MP: 0/8
  1341 | D:1      | Reached skill level 4 in Air Magic
  2679 | D:2      | Identified the +2 whip "Nufooss" {holy, Dex+5}
  3188 | D:2      | Reached XP level 4. HP: 33/33 MP: 4/9
  3289 | D:3      | Reached skill level 5 in Air Magic
  3623 | D:3      | Learned a level 2 spell: Static Discharge
  3627 | D:3      | Learned a level 3 spell: Swiftness
  3853 | D:3      | Reached XP level 5. HP: 37/38 MP: 0/10
  5862 | D:4      | Reached skill level 1 in Fighting
  5862 | D:4      | Reached XP level 6. HP: 32/47 MP: 0/12
  6161 | D:3      | Learned a level 4 spell: Airstrike
  6208 | D:4      | Found a staircase to the Ecumenical Temple.
  6565 | D:5      | Entered Level 5 of the Dungeon
  6880 | D:5      | Reached skill level 6 in Air Magic
  8003 | D:5      | Reached XP level 7. HP: 37/55 MP: 6/15
  8311 | D:5      | HP: 1/55 [poisoned by a killer bee]
  8314 | D:5      | Slain by a sky beast

Illustrated notes

Levels and vault maps discovered:
D:1:      dpeg_arrival_more_subterranean_lakeside_camping, layout_basic,
          shapermc_ecumenical_altar_notcrosses
D:2:      layout_loops_ring
D:3:      layout_loops_cross
D:4:      layout_cave_pools, okawaru_gym_becter, temple_statues
D:5:      cheibrodos_quashed, layout_gridville, mainiacjoe_overflow_brackets
D:6:      layout_cave_pods, mainiacjoe_overflow_cross_hatched,
          gup_sewer_entry_pipe, grunt_ministairs_6

Skill      XL: |  1  2  3  4  5  6 |
---------------+-------------------+-----
Air Magic      | 3 4 5 6 |  6.2
Dodging        | 2 |  2.9
Spellcasting   | 2 3 |  3.4
Fighting       | 1 2 |  2.0
Stealth        | |  1.7
Conjurations   | |  0.8

Action                   |  1- 3 |  4- 6 |  7- 9 || total
-------------------------+-------+-------+-------++-------
Melee: Dagger            |    14 |       |       ||    14
       Whip              |     2 |    20 |       ||    22
 Cast: Shock             |   104 |   137 |       ||   241
       Static Discharge  |       |     2 |     3 ||     5
  Use: Potion            |     1 |       |     2 ||     3
       Scroll            |       |     7 |     1 ||     8
Armor: Robe              |     9 |    14 |     4 ||    27
Dodge: Dodged            |    21 |    56 |    11 ||    88
